 Dungeon Crawl Stone Soup version 0.24.0-123-gd5b16e6ec5 (webtiles) character file.

Game seed: 7079612365419550718, levelgen mode: deterministic

778 GreyFruit the Chopper (level 7, -3/61 HPs)
             Began as a Hill Orc Monk on Feb 6, 2020.
             Was a Believer of Beogh.
             Slain by an ogre
             ... wielding a +0 giant club
              (19 damage)
             ... on level 5 of the Dungeon.
             The game lasted 00:15:19 (5342 turns).

GreyFruit the Chopper (Hill Orc Monk)               Turns: 5342, Time: 00:15:20

Health: -3/61      AC:  9    Str: 15    XL:     7   Next: 85%
Magic:  34/34      EV: 11    Int: 17    God:    Beogh [**....]
Gold:   207        SH:  0    Dex: 13    Spells: 6/6 levels left

rFire    + . .     SeeInvis .   a - +0 hand axe
rCold    . . .     Gourm    .   (no shield)
rNeg     . . .     Faith    .   x - +1 scale mail of a sewer {rF+ MP+9 Int+6}
rPois    .         Spirit   .   (no helmet)
rElec    .         Reflect  .   r - +0 cloak
rCorr    .         Harm     .   (no gloves)
MR       .....                  (no boots)
Stlth    ..........             (no amulet)
HPRegen  0.20/turn              i - ring of magical power
MPRegen  0.24/turn              w - ring of magical power

@: no status effects
A: no striking features
a: Smiting, Renounce Religion


You were on level 5 of the Dungeon.
You worshipped Beogh.
Beogh was pleased with you.
You were hungry.

You visited 1 branch of the dungeon, and saw 5 of its levels.
You also visited: Sewer.

You collected 207 gold pieces.

Inventory:

Hand Weapons
 a - a +0 hand axe (weapon)
Missiles
 e - 31 poisoned darts (quivered)
 g - 2 throwing nets
 h - 6 boomerangs
Armour
 b - a +0 robe
 l - a +0 ring mail
 n - a +0 scale mail
 r - a +0 cloak (worn)
 x - the +1 scale mail of a sewer (worn) {rF+ MP+9 Int+6}
   (You found it on level 4 of the Dungeon)

   It affects your intelligence (+6).
   It protects you from fire.
   It affects your magic capacity (+9).
Magical Staves
 v - an uncursed staff of summoning
Jewellery
 i - a ring of magical power (left hand)
 j - an uncursed ring of ice
 w - a ring of magical power (right hand)
 y - an uncursed ring of attention
Wands
 d - a wand of polymorph (14)
 E - a wand of digging (6)
Scrolls
 m - 2 scrolls of identify {unknown}
 o - a scroll of enchant armour {unknown}
 p - a scroll of noise {unknown}
 s - a scroll of remove curse
 u - a scroll of amnesia {unknown}
 z - a scroll of fear {unknown}
 A - 3 scrolls of teleportation {unknown}
 C - a scroll of fog {unknown}
Potions
 f - a potion of flight {unknown}
 k - a potion of agility
 q - 3 potions of might
 B - a potion of haste
Comestibles
 c - 8 rations
 D - 5 chunks of flesh


   Skills:
 + Level 5.6 Fighting
 + Level 7.9 Axes
 + Level 4.5 Armour
 + Level 3.6 Dodging
 - Level 1.8 Stealth
 + Level 0.3 Invocations


You had 6 spell levels left.
You didn't know any spells.
Your spell library was empty.

Dungeon Overview and Level Annotations

Branches:
Dungeon (5/15)              Sewer (visited)
 Temple: D:4-7

Altars:
Ashenzari
Elyvilon
Fedhas
Kikubaaqudgha
Qazlal
Ru
Trog
Vehumet
Yredelemnul
Zin
The Shining One

Annotations:
D:5 Menkaure


Message History

There is an open door here.
There is an open door here.
The crimson imp hits you but does no damage.
The crimson imp hits you.
The crimson imp blinks!
The crimson imp blinks!
You are feeling hungry.
The crimson imp blinks!
There is a stone staircase leading up here.
The ogre hits you with a +0 giant club!
* * * LOW HITPOINT WARNING * * *
The crimson imp hits you but does no damage.
You hit the ogre.
The ogre is lightly wounded.
The ogre misses you.
You hit the ogre.
The ogre is moderately wounded.
You miss the crimson imp.
The crimson imp blinks!
The ogre hits you with a +0 giant club!!
You die...

#..........####.# ###.......
#..........##.#.# #.>.....
#.............#.# #.......
#..........##.#.#####5......
##....###.###<#.............
#.##.# #.####....##........
#.##.###.........##........
#........§O##..............
####.#####@###...)..÷......
#.# ###5###......####### #.#
#............# #.#
#.#.####(....# #.# #.#.#
#.....# #.# #.#.# #.....#
#.# #.#.# #####.#
#.###.#.########)#
#.....#........))#


You could see an ogre and a crimson imp.

Vanquished Creatures
  A water moccasin (D:5)
  2 phantoms (D:4)
  A big kobold (Sewer)
  2 crimson imps (D:5)
  A centaur skeleton (D:2)
  2 orc wizards (D:5)
  Ijyb (D:4)
  An iguana (D:4)
  A worker ant zombie (D:5)
  A river rat (Sewer)
  9 adders
  An ooze (Sewer)
  4 worms
  7 dart slugs
  5 leopard geckos
  7 orcs
  5 giant cockroaches
  9 goblins
  5 hobgoblins
  10 jackals
  10 kobolds
  4 ball pythons
  9 bats
  8 frilled lizards
  7 rats
113 creatures vanquished.

Notes
Turn   | Place    | Note
-------+----------+-------------------------------------------
     0 | D:1      | GreyFruit the Hill Orc Monk began the quest for the Orb.
     0 | D:1      | Reached XP level 1. HP: 19/19 MP: 1/1
     8 | D:1      | Noticed a bullfrog
   113 | D:1      | Reached XP level 2. HP: 27/27 MP: 2/2
   360 | D:1      | Reached XP level 3. HP: 32/33 MP: 3/3
  1082 | D:2      | Reached skill level 5 in Axes
  1082 | D:2      | Reached XP level 4. HP: 26/41 MP: 4/4
  1256 | D:2      | Reached skill level 1 in Armour
  1287 | D:2      | Found a bloodstained altar of Trog.
  1306 | D:2      | Found a radiant altar of Vehumet.
  1786 | D:2      | Reached XP level 5. HP: 41/47 MP: 5/5
  2139 | D:3      | Found a sacrificial altar of Ru.
  2147 | D:3      | Found a white marble altar of Elyvilon.
  2148 | D:3      | Found a glowing golden altar of the Shining One.
  2148 | D:3      | Found a glowing silver altar of Zin.
  2148 | D:3      | Found an ancient bone altar of Kikubaaqudgha.
  2150 | D:3      | Found a basalt altar of Yredelemnul.
  2153 | D:3      | Found a stormy altar of Qazlal.
  2228 | D:3      | Became a worshipper of Beogh the Brigand
  2228 | D:3      | Reached * piety under Beogh
  2228 | D:3      | Reached ** piety under Beogh
  2666 | D:3      | Reached skill level 6 in Axes
  2893 | D:3      | Found a blossoming altar of Fedhas.
  2893 | D:3      | Found a shattered altar of Ashenzari.
  2975 | D:4      | Noticed Ijyb
  3046 | D:4      | Killed Ijyb
  3323 | D:4      | Noticed a phantom
  3348 | D:4      | Got a steaming scale mail
  3352 | D:4      | Killed a phantom
  3352 | D:4      | Reached XP level 6. HP: 20/55 MP: 6/6
  3363 | D:4      | Identified the +1 scale mail of a sewer {rF+ MP+9 Int+6}
                  | (You found it on level 4 of the Dungeon)
  3518 | D:4      | Found a glowing drain.
  3556 | Sewer    | Entered a sewer
  3777 | Sewer    | Reached skill level 5 in Fighting
  3821 | Sewer    | Reached skill level 7 in Axes
  4244 | D:4      | Noticed a phantom
  4255 | D:4      | Reached XP level 7. HP: 55/61 MP: 7/7
  4347 | D:5      | Entered Level 5 of the Dungeon
  4365 | D:5      | Noticed Menkaure
  4843 | D:5      | HP: 2/61 [orc wizard/magic dart (6)]
  5342 | D:5      | Slain by an ogre

Levels and vault maps discovered:
D:1:      evilmike_arrival_come_back, layout_basic
D:2:      layout_rooms, chequers_temple_overflow_statue_of_worship, first_ration
D:3:      layout_loops_corners, minitemple, gammafunk_temple_overflow_elements
D:4:      layout_rooms, cheibrodos_sewer_entry_drain, uniq_ijyb
D:5:      layout_basic, serial_shops,
          nicolae_shop_temple_entry_statues_fountains, elyvilon_altar_5,
          uniq_menkaure

Skill      XL: |  1  2  3  4  5  6  7 |
---------------+----------------------+-----
Fighting       | 4 5 |  5.6
Axes           | 5 6 7 |  7.9
Armour         | 1 2 3 4 |  4.5
Dodging        | 3 |  3.6
Stealth        | |  1.8
Invocations    | |  0.3

Action                   |  1- 3 |  4- 6 |  7- 9 || total
-------------------------+-------+-------+-------++-------
Melee: Hand axe          |    64 |   347 |   176 ||   587
Invok: Convert to Beogh  |       |     1 |       ||     1
       Smiting           |       |       |     2 ||     2
  Use: Potion            |       |     8 |     2 ||    10
       Scroll            |       |       |     1 ||     1
 Stab: Sleeping          |     3 |       |       ||     3
       Invisible         |       |     8 |       ||     8
  Eat: Chunk             |     1 |    10 |       ||    11
       Ration            |       |       |     1 ||     1
Armor: Robe              |     2 |       |       ||     2
       Ring mail         |    21 |    68 |       ||    89
       Scale mail        |       |    51 |    69 ||   120
Dodge: Dodged            |    50 |   195 |    79 ||   324
